Map: Abyssal Reef LE

Players

Winthrowe

  • Race: Protoss Protoss
  • Spawn Location: 11:00

Nikitta

  • Race: Protoss Protoss

VOD

Have the link to the VOD?

Description

Time

  • Played on: Aug. 17, 2017, 5:27 p.m.
  • Length: 48:29
Show
View Real Time Build Order
Export as new Build Order

Winthrowe Protoss 

Build Orders:  

Get SALT Encoding   

  12  0:04  Probe (Chrono Boost)  
  13  0:26  Pylon, Probe (Chrono Boost)  
  14  0:41  Probe (Chrono Boost)  
  15  0:54  Gateway  
  15  1:03  Probe (Chrono Boost), Assimilator  
  16  1:19  Probe (Chrono Boost)  
  17  1:34  Probe (Chrono Boost)  
  18  1:48  Probe (Chrono Boost)  
  19  2:03  Probe (Chrono Boost)  
  19  2:05  Zealot  
  22  2:18  Probe (Chrono Boost)  
  23  2:51  Pylon  
  23  3:03  Nexus  
  23  3:16  Zealot, Probe (Chrono Boost)  
  23  3:19  Assimilator  
  26  3:31  Probe (Chrono Boost)  
  27  3:51  Gateway  
  27  3:54  Zealot  
  29  4:22  Probe (Chrono Boost)  
  30  4:36  Probe (Chrono Boost)  
  31  4:43  Zealot  
  31  4:47  Probe (Chrono Boost)  
  34  4:51  Probe (Chrono Boost)  
  34  4:55  Nexus  
  35  5:02  Probe (Chrono Boost)  
  35  5:06  Probe (Chrono Boost)  
  37  5:16  Probe (Chrono Boost)  
  38  5:21  Probe (Chrono Boost)  
  39  5:31  Probe (Chrono Boost)  
  39  5:35  Probe (Chrono Boost)  
  39  5:36  Cybernetics Core  
  41  5:46  Forge, Probe (Chrono Boost)  
  42  6:04  Pylon  
  42  6:18  Nexus  
  42  6:19  Probe (Chrono Boost)  
  43  6:20  Probe (Chrono Boost)  
  44  6:38  Zealot x2  
  48  7:16  Stalker x2, Probe (Chrono Boost)  
  48  7:17  Probe x2 (Chrono Boost)  
  55  7:31  Probe x2 (Chrono Boost)  
  57  7:58  Sentry x2  
  59  8:20  Probe x2 (Chrono Boost)  
  59  8:21  Probe x2 (Chrono Boost)  
  59  8:35  Probe x3 (Chrono Boost)  
  59  8:36  Probe (Chrono Boost)  
  61  8:49  Photon Cannon  
  61  8:50  Mothership Core (Chrono Boost)  
  61  8:54  Photon Cannon  
  59  9:02  Photon Cannon  
  59  9:13  Zealot x2, Unknown x2  
  59  9:37  Warp Gate  
  55  9:54  Gateway  
  55  9:55  Gateway  
  55  10:00  Gateway  
  55  10:03  Gateway  
  55  10:06  Gateway  
  53  10:10  Gateway  
  53  10:15  Adept  
  55  10:22  Adept  
  53  10:44  Probe (Chrono Boost)  
  53  10:45  Probe x2 (Chrono Boost)  
  56  10:59  Probe x2 (Chrono Boost)  
  67  11:00  Probe (Chrono Boost)  
  59  11:13  Nexus  
  59  11:14  Probe x3 (Chrono Boost)  
  62  11:25  Pylon  
  62  11:28  Probe (Chrono Boost)  
  63  12:00  Photon Cannon  
  63  12:05  Photon Cannon  
  63  12:08  Pylon  
  63  12:13  Death Council  
  63  12:14  Pylon  
  63  12:21  Pylon  
  63  12:26  Pylon  
  63  12:29  Probe x2 (Chrono Boost)  
  66  12:30  Probe (Chrono Boost)  
  66  12:43  Zealot  
  66  12:44  Zealot x2, Probe x2 (Chrono Boost)  
  66  12:45  Zealot x2, Probe (Chrono Boost)  
  66  12:46  Zealot x2  
  66  12:47  Zealot  
  66  12:48  Pylon  
  85  12:59  Probe x3 (Chrono Boost)  
  88  13:22  Stargate  
  88  13:24  Probe (Chrono Boost)  
  89  13:32  Robotics Facility  
  89  13:39  Probe (Chrono Boost)  
  86  13:50  Zealot  
  86  13:51  Zealot x3  
  86  13:52  Zealot x2  
  86  13:53  Zealot x2  
  86  13:54  Probe (Chrono Boost)  
  93  14:05  Ascendant Archives  
  93  14:07  Dark Shrine  
  93  14:08  Probe (Chrono Boost)  
  85  14:28  Void Ray  
  89  14:32  Zealot x2  
  89  14:33  Zealot x3  
  89  14:34  Zealot x3  
  105  14:50  Stargate  
  105  14:54  Pylon, Stargate  
  105  15:05  Stargate  
  105  15:11  Assimilator  
  105  15:14  Assimilator  
  105  15:17  Probe x3 (Chrono Boost)  
  108  15:27  Assimilator  
  108  15:28  Void Ray  
  110  15:31  Probe (Chrono Boost)  
  110  15:32  Probe x2 (Chrono Boost)  
  110  15:34  Assimilator  
  103  15:46  Probe (Chrono Boost)  
  103  15:47  Probe x2 (Chrono Boost)  
  96  15:53  Zealot x2  
  96  15:54  Zealot x3  
  96  15:55  Zealot x3  
  104  16:01  Probe x2 (Chrono Boost)  
  104  16:02  Probe (Chrono Boost)  
  107  16:16  Probe x3 (Chrono Boost)  
  110  16:28  Void Ray  
  110  16:29  Zealot  
  116  16:30  Zealot, Probe (Chrono Boost)  
  116  16:31  Zealot x2, Probe x2 (Chrono Boost)  
  116  16:35  Zealot  
  116  16:36  Zealot  
  129  16:43  Zealot  
  129  16:45  Probe (Chrono Boost)  
  129  16:46  Zealot, Probe x2 (Chrono Boost)  
  136  17:00  Probe x2 (Chrono Boost)  
  136  17:01  Probe (Chrono Boost)  
  139  17:15  Probe (Chrono Boost)  
  140  17:24  Pylon  
  140  17:30  Pylon  
  140  17:32  Fleet Beacon  
  140  17:35  Pylon  
  140  17:40  Pylon  
  140  17:49  Void Ray  
  147  17:50  Probe x3 (Chrono Boost)  
  147  17:56  Charge  
  147  18:04  Probe x3 (Chrono Boost)  
  150  18:19  Probe x2 (Chrono Boost), Mothership Core (Chrono Boost)  
  146  18:34  Probe (Chrono Boost)  
  145  18:42  Nexus  
  145  18:47  Assimilator  
  145  18:49  Void Ray  
  145  18:59  Assimilator  
  141  19:31  Assimilator  
  141  19:35  Assimilator  
  141  19:39  Nexus  
  139  19:43  Probe x3 (Chrono Boost)  
  142  19:54  Anion Pulse-Crystals  
  142  19:57  Probe (Chrono Boost)  
  142  19:58  Probe x2 (Chrono Boost)  
  145  20:06  Carrier  
  145  20:09  Phoenix  
  153  20:11  Zealot  
  153  20:13  Zealot  
  157  20:25  Phoenix  
  159  20:47  Protoss Air Weapons Level 1  
  159  21:03  Protoss Shields Level 1  
  151  21:14  Warp Prism  
  143  21:24  Graviton Catapult  
  131  22:04  Zealot, Probe (Chrono Boost), Observer  
  131  22:05  Zealot x2, Probe x2 (Chrono Boost)  
  131  22:06  Zealot x2, Probe x2 (Chrono Boost)  
  131  22:07  Zealot  
  131  22:08  Zealot x2  
  149  22:33  Carrier  
  149  22:36  Carrier  
  161  22:42  Carrier  
  165  22:56  Psionic Storm  
  159  23:27  Protoss Air Armor Level 1  
  159  23:28  Forge  
  152  23:30  Forge  
  152  23:37  Cybernetics Core  
  152  23:43  Blink, Protoss Ground Armor Level 1  
  152  24:14  Protoss Ground Weapons Level 1  
  152  24:17  Protoss Shields Level 2  
  133  24:35  Zealot x3  
  133  24:36  Zealot x3  
  133  24:37  Zealot x2  
  149  24:44  Protoss Air Weapons Level 2  
  133  25:43  Unknown  
  133  25:46  Zealot  
  133  25:47  Zealot  
  133  25:48  Zealot  
  133  25:49  Zealot x2  
  143  25:50  Zealot x2  
  143  25:51  Zealot  
  149  26:06  Unknown  
  149  26:20  Zealot  
  149  26:21  Zealot x2  
  149  26:22  Zealot x2  
  149  26:23  Zealot x2  
  149  26:24  Zealot  
  165  26:41  Void Ray x2  
  165  26:42  Void Ray x2  
  181  26:51  Immortal  
  181  26:54  Zealot x2  
  181  26:55  Zealot  
  181  26:56  Zealot x2  
  195  27:04  Zealot  
  195  27:06  Zealot  
  199  27:10  Protoss Ground Weapons Level 2  
  199  27:14  Protoss Ground Armor Level 2  
  199  27:29  Protoss Shields Level 3  
  199  27:42  Protoss Air Armor Level 2  
  199  28:00  Protoss Air Weapons Level 3  
  157  28:35  Zealot  
  157  28:36  Zealot  
  157  28:37  Zealot x3  
  157  28:38  Zealot x2  
  157  28:39  Zealot  
  151  29:09  Stalker x3  
  151  29:10  Stalker x2  
  151  29:11  Stalker x3  
  151  29:43  Dark Templar x2  
  151  29:44  Dark Templar x3  
  151  29:45  Dark Templar x3  
  167  30:02  Pylon  
  167  30:05  Pylon  
  163  30:33  Gateway  
  163  30:34  Zealot, Gateway  
  163  30:35  Zealot x3  
  163  30:36  Zealot  
  163  30:38  Gateway  
  169  30:40  Sentry x2, Gateway  
  169  30:41  Sentry  
  169  30:43  Gateway  
  169  30:44  Gateway  
  151  31:06  Stalker x3  
  151  31:07  Stalker x2  
  157  31:12  Stalker  
  157  31:13  Stalker  
  157  31:14  Stalker  
  116  32:54  Zealot x2  
  116  32:55  Zealot x4  
  116  32:56  Zealot  
  116  32:57  Zealot x3  
  116  32:58  Zealot  
  116  32:59  Zealot  
  136  33:00  Zealot x2  
  128  33:35  Zealot x2  
  128  33:36  Zealot  
  128  33:37  Zealot x3  
  128  33:38  Zealot x2  
  135  33:41  Zealot  
  135  33:42  Zealot  
  135  33:43  Zealot  
  135  33:45  Zealot x2  
  135  33:48  Zealot  
  127  34:09  Mothership Core (Chrono Boost)  
  125  34:32  Stalker x2  
  125  34:33  Stalker x3  
  125  34:34  Stalker x2  
  125  34:35  Stalker x4  
  125  34:36  Stalker  
  125  34:37  Stalker x2  
  129  36:35  Adept  
  129  36:36  Adept x3  
  129  36:37  Adept x3  
  129  36:38  Adept x3  
  129  36:39  Adept  
  148  36:40  Adept x2  
  148  36:41  Adept  
  103  40:51  Zealot x2  
  103  40:52  Zealot x3  
  103  40:53  Zealot x3  
  103  40:54  Zealot x2  
  103  40:55  Zealot x2  
  103  40:56  Zealot x2  
  131  41:26  Stalker  
  131  41:27  Stalker x3  
  131  41:28  Stalker x3  
  131  41:29  Stalker x4  
  153  41:31  Stalker x2  
  153  41:32  Stalker  
  158  42:38  Zealot  
  158  42:39  Zealot  
  162  42:41  Stalker  
  162  42:42  Stalker x2  
  162  42:43  Stalker x3  
  162  42:44  Stalker x3  
  180  42:53  Stalker  
  180  42:54  Stalker  
  180  42:56  Stalker  
  184  43:30  Zealot x3  
  184  43:31  Zealot x3  
  184  43:32  Zealot x2  
  200  43:54  Protoss Ground Weapons Level 3  
  200  44:07  Protoss Ground Armor Level 3  
  196  44:10  Protoss Air Armor Level 3  
  192  47:20  Void Ray x2  
Show
View Real Time Build Order
Export as new Build Order

Nikitta Protoss 

Build Orders:  

Get SALT Encoding   

Tags
 
Add a new tag
Caveats
  • Supply blocks, unpowered buildings, or Contaminate may cause inaccurate times.
  • Supply counts are checked every 10 seconds.